Devils vs Jets

Created - Tuesday, November 18, 2014 at 22:50

Goals
1 2 3 T
Devils 0 0 1 1
Jets 1 2 0 3
Shots
1 2 3 T
Devils 8 10 10 28
Jets 6 11 9 26

1st period

1. Jets , Ryan Getzlaf 6 (Alex Ovechkin, Erik Johnson) at 6:18 (PP)

Penalties :
Erik Johnson (Wpg) for Tripping (Minor) at 0:44, Matt Carkner (NJD) for Hooking (Minor) at 4:38, Wayne Simmonds (Wpg) for Holding Stick (Minor) at 14:36

2nd period

2. Jets , Max Pacioretty 9 (Tyler Myers) at 3:16
3. Jets , John Tavares 7 (Erik Johnson, Frans Nielsen) at 19:32 (PP)

Penalties :
Matt Carkner (NJD) for Interference (Minor) at 7:36, Mark Stuart (NJD) for Holding (Minor) at 15:06, John Carlson (NJD) for Interference (Minor) at 18:13, Tim Gleason (NJD) for Hooking (Minor) at 18:39, Oliver Ekman-Larsson (Wpg) for Roughing (Minor) at 19:51

3rd period

4. Devils , John Carlson 4 (Jay Beagle, Brent Seabrook) at 0:38

Penalties :
Alex Ovechkin (Wpg) for Tripping (Minor) at 2:03, Erik Johnson (Wpg) for Charging (Minor) at 4:32, Erik Johnson (Wpg) for Slashing (Minor) at 9:03

Goalie Stats

Jimmy Howard (NJD), 23 saves from 26 shots - (0.885), L, 5-9-1, 60:00 minutes
Sergei Bobrovsky (Wpg), 27 saves from 28 shots - (0.964), W, 13-5-1, 60:00 minutes

Players Stats for Devils

Player Name              G  A  P  +/- PIM S  H  SB GA TA FO     MP     PP MP  PK MP  
------------------------------------------------------------------------------------
Adam Burish              0  0  0   0  0   0  0  0  0  1  1/3    13:25   0:58   2:11 
Brent Seabrook           0  1  1   1  0   2  1  0  0  2  0/0    25:49   6:50   2:31 
Chris Mueller            0  0  0  -1  0   2  0  0  1  0  1/2    12:14   0:00   0:41 
Chris Phillips           0  0  0   0  0   2  1  1  0  4  0/0    22:32   6:44   1:38 
Drew Stafford            0  0  0  -1  0   3  0  0  5  1  3/9    23:13   5:46   4:15 
Grant Clitsome           0  0  0   0  0   0  0  0  0  0  0/0     0:00   0:00   0:00 
Jay Beagle               0  1  1   1  0   1  1  0  0  0  2/5    11:52   0:00   1:40 
John Carlson             1  0  1   0  2   4  2  1  1  3  0/0    22:10   4:23   4:19 
Kris Versteeg            0  0  0   0  0   0  0  0  1  1  0/0    15:57   6:14   0:00 
Mark Stuart              0  0  0  -1  2   3  7  2  0  3  0/0    28:24   4:17   4:36 
Martin Erat              0  0  0   0  0   1  2  0  1  0  0/1    12:38   0:00   0:00 
Matt Carkner             0  0  0   0  4   0  2  0  0  1  0/0    18:03   0:00   0:00 
Matt Cooke               0  0  0   1  0   1  1  0  0  0  0/0    17:41   4:52   0:47 
Nick Spaling             0  0  0   0  0   2  1  0  5  1  3/7    21:31   4:52   4:05 
Patrik Berglund          0  0  0   0  0   3  1  0  1  0  3/7    12:38   0:00   0:00 
Tim Gleason              0  0  0   0  2   0  0  0  0  0  0/0     3:31   0:00   1:27 
Tyler Johnson            0  0  0  -1  0   1  2  0  0  0  6/14   15:42   6:15   0:00 
Ville Leino              0  0  0   0  0   3  0  0  0  0  1/1    13:34   4:24   0:00 

Players Stats for Jets

Player Name              G  A  P  +/- PIM S  H  SB GA TA FO     MP     PP MP  PK MP  
------------------------------------------------------------------------------------
Alex Killorn             0  0  0   0  0   3  1  0  0  0  0/0    10:27   0:00   1:10 
Alex Ovechkin            0  1  1  -1  2   2  2  0  4  2  0/0    18:44   3:28   0:36 
Colin Wilson             0  0  0   0  0   1  2  0  1  0  0/0    10:14   0:00   0:00 
Danny DeKeyser           0  0  0   1  0   0  1  0  0  1  0/0    18:45   0:00   4:25 
Erik Johnson             0  2  2  -1  6   0  4  2  0  2  0/0    23:49   4:17   3:32 
Frans Nielsen            0  1  1   1  0   2  1  0  3  1  8/12   19:41   3:28   6:59 
John Tavares             1  0  1   1  0   6  0  0  1  0  7/8    12:30   3:28   0:00 
Kris Russell             0  0  0  -1  0   1  1  1  0  1  0/0    15:55   2:59   0:00 
Kyle Turris              0  0  0  -1  0   0  0  0  2  0  8/17   17:03   1:18   2:48 
Marcus Kruger            0  0  0   0  0   1  1  0  1  1  1/2    17:27   1:38   6:55 
Max Pacioretty           1  0  1   1  0   1  3  1  2  0  0/0    16:52   3:48   3:17 
Nick Bjugstad            0  0  0   0  0   0  0  1  3  0  1/3    10:43   0:00   0:29 
Oliver Ekman-Larsson     0  0  0   0  2   2  1  1  2  2  0/0    24:18   4:16   5:41 
Ryan Getzlaf             1  0  1   0  0   2  0  0  0  0  2/5     6:52   0:52   0:00 
Ryan Murray              0  0  0   0  0   1  0  0  0  3  0/0    15:51   0:00   4:11 
Teemu Selanne            0  0  0   0  0   2  1  1  1  0  2/2    10:37   0:20   0:00 
Tyler Myers              0  1  1   1  0   0  1  3  0  1  0/0    22:24   2:59   4:25 
Wayne Simmonds           0  0  0   0  2   2  2  0  2  0  0/0    15:43   3:28   0:00 

3 Stars

1 - Sergei Bobrovsky (Wpg)
2 - Max Pacioretty (Wpg)
3 - John Tavares (Wpg)

Power Play

Devils - 0 on 6 Attempt(s) - 0.00%
Jets - 2 on 5 Attempt(s) - 40.00%

Penalty Kill

Devils - 3 on 5 Attempt(s) - 60.00% - Score 0 goal in Penalty Kill
Jets - 6 on 6 Attempt(s) - 100.00% - Score 0 goal in Penalty Kill

Official

Referees : Unknown
Linesman : Unknown

Game Notes

Ryan Getzlaf is injured at 1:45 of 2nd period (Sore Right Knee)

Finance

Level 1 -- Attendance: 5241 (87.35%) -- Ticket Income $455,967
Level 2 -- Attendance: 3834 (76.68%) -- Ticket Income $226,206
Level 3 -- Attendance: 1569 (78.45%) -- Ticket Income $54,915
Level 4 -- Attendance: 3101 (77.53%) -- Ticket Income $62,020
Luxury Box -- Attendance: 915 (91.50%) -- Ticket Income $153,720
Game was played at the MTS Center
Total Attendance: 14660 (81.44%)
Total Ticket Income: $952,828
Other Income: $466,886
Total Income: $1,419,714

Devils

5 vs 5 Forward 
   Center                   Left Wing                Right Wing               Time % Phy DF OF 
 1 Tyler Johnson            Chris Mueller            Drew Stafford            31     0   2  3  
 2 Patrik Berglund          Nick Spaling             Martin Erat              28     0   2  3  
 3 Adam Burish              Ville Leino              Drew Stafford            25     2   2  1  
 4 Jay Beagle               Matt Cooke               Kris Versteeg            16     2   2  1  

5 vs 5 Defense 
   Defense                  Defense                                           Time % Phy DF OF 
 1 John Carlson             Mark Stuart                                       33     1   3  1  
 2 Matt Carkner             Brent Seabrook                                    33     0   2  3  
 3 Chris Phillips           Mark Stuart                                       33     2   2  1  
 4 Matt Carkner             Chris Phillips                                    1      1   2  2  

PowerPlay Forward 
   Center                   Left Wing                Right Wing               Time % Phy DF OF 
 1 Tyler Johnson            Kris Versteeg            Drew Stafford            60     0   0  5  
 2 Nick Spaling             Ville Leino              Matt Cooke               40     0   0  5  

PowerPlay Defense
   Defense                  Defense                                           Time % Phy DF OF 
 1 John Carlson             Mark Stuart                                       60     0   2  3  
 2 Brent Seabrook           Chris Phillips                                    40     0   2  3  

Penalty Kill 4 Players Forward 
   Center                   Wing                     Time % Phy DF OF 
 1 Drew Stafford            Nick Spaling             60     0   4  1  
 2 Jay Beagle               Matt Cooke               40     0   4  1  

Penalty Kill 4 Players Defense
   Defense                  Defense                  Time % Phy DF OF 
 1 Mark Stuart              John Carlson             60     1   4  0  
 2 Brent Seabrook           Chris Phillips           40     1   4  0  

Penalty Kill - 3 Players Forward 
   Forward                                           Time % Phy DF OF 
 1 Jay Beagle                                        60     0   5  0  
 2 Drew Stafford                                     40     0   5  0  

Penalty Kill - 3 Players Defense
   Defense                  Defense                  Time % Phy DF OF 
 1 Mark Stuart              John Carlson             60     0   5  0  
 2 Brent Seabrook           Chris Phillips           40     0   5  0  

4 vs 4 Forward 
   Center                   Wing                     Time % Phy DF OF 
 1 Jay Beagle               Matt Cooke               60     1   2  2  
 2 Patrik Berglund          Drew Stafford            40     1   2  2  

4 vs 4 Defense
   Defense                  Defense                  Time % Phy DF OF 
 1 Brent Seabrook           Tim Gleason              60     1   2  2  
 2 Mark Stuart              Chris Phillips           40     1   2  2  

Last Minutes Offensive
   Center                   Left Wing                Right Wing               Defense                  Defense                  
   Tyler Johnson            Martin Erat              Drew Stafford            John Carlson             Brent Seabrook           

Last Minutes Defensive
   Center                   Left Wing                Right Wing               Defense                  Defense                  
   Tyler Johnson            Nick Spaling             Matt Cooke               Brent Seabrook           John Carlson             

Goaltenders
Starting : Jimmy Howard             
Backup : Thomas Greiss            

Extra Forwards
Normal : Adam Burish, Drew Stafford, Matt Cooke - PP : Drew Stafford, Ville Leino - PK : Drew Stafford
Extra Defensemen
Normal : Brent Seabrook, John Carlson, Tim Gleason - PP : Mark Stuart - PK : Mark Stuart, Tim Gleason
Penalty Shots
Drew Stafford, Ville Leino, Nick Spaling, Matt Cooke, Tyler Johnson

Jets

5 vs 5 Forward 
   Center                   Left Wing                Right Wing               Time % Phy DF OF 
 1 Ryan Getzlaf             Alex Ovechkin            Wayne Simmonds           35     1   1  3  
 2 John Tavares             Max Pacioretty           Frans Nielsen            31     1   1  3  
 3 Kyle Turris              Alex Killorn             Marcus Kruger            24     1   2  2  
 4 Nick Bjugstad            Colin Wilson             Teemu Selanne            10     1   2  2  

5 vs 5 Defense 
   Defense                  Defense                                           Time % Phy DF OF 
 1 Oliver Ekman-Larsson     Erik Johnson                                      35     1   2  2  
 2 Tyler Myers              Danny DeKeyser                                    30     1   2  2  
 3 Ryan Murray              Kris Russell                                      22     1   2  2  
 4 Oliver Ekman-Larsson     Erik Johnson                                      13     1   2  2  

PowerPlay Forward 
   Center                   Left Wing                Right Wing               Time % Phy DF OF 
 1 Ryan Getzlaf             Max Pacioretty           Alex Ovechkin            60     1   2  2  
 2 Frans Nielsen            John Tavares             Wayne Simmonds           40     0   2  3  

PowerPlay Defense
   Defense                  Defense                                           Time % Phy DF OF 
 1 Oliver Ekman-Larsson     Erik Johnson                                      60     1   2  2  
 2 Tyler Myers              Kris Russell                                      40     1   2  2  

Penalty Kill 4 Players Forward 
   Center                   Wing                     Time % Phy DF OF 
 1 Frans Nielsen            Marcus Kruger            60     1   2  2  
 2 Kyle Turris              Max Pacioretty           40     1   2  2  

Penalty Kill 4 Players Defense
   Defense                  Defense                  Time % Phy DF OF 
 1 Oliver Ekman-Larsson     Erik Johnson             60     1   2  2  
 2 Tyler Myers              Danny DeKeyser           40     1   2  2  

Penalty Kill - 3 Players Forward 
   Forward                                           Time % Phy DF OF 
 1 Ryan Getzlaf                                      60     1   2  2  
 2 Frans Nielsen                                     40     1   2  2  

Penalty Kill - 3 Players Defense
   Defense                  Defense                  Time % Phy DF OF 
 1 Oliver Ekman-Larsson     Erik Johnson             60     1   2  2  
 2 Tyler Myers              Danny DeKeyser           40     1   2  2  

4 vs 4 Forward 
   Center                   Wing                     Time % Phy DF OF 
 1 Ryan Getzlaf             Alex Ovechkin            60     1   2  2  
 2 Frans Nielsen            John Tavares             40     1   2  2  

4 vs 4 Defense
   Defense                  Defense                  Time % Phy DF OF 
 1 Oliver Ekman-Larsson     Erik Johnson             60     1   2  2  
 2 Tyler Myers              Kris Russell             40     1   2  2  

Last Minutes Offensive
   Center                   Left Wing                Right Wing               Defense                  Defense                  
   Ryan Getzlaf             Alex Ovechkin            Wayne Simmonds           Oliver Ekman-Larsson     Erik Johnson             

Last Minutes Defensive
   Center                   Left Wing                Right Wing               Defense                  Defense                  
   Ryan Getzlaf             Alex Ovechkin            Wayne Simmonds           Oliver Ekman-Larsson     Erik Johnson             

Goaltenders
Starting : Sergei Bobrovsky         
Backup : Tim Thomas               

Extra Forwards
Normal : Kyle Turris, Marcus Kruger, Alex Killorn - PP : Kyle Turris, Marcus Kruger - PK : Alex Killorn
Extra Defensemen
Normal : Kris Russell, Ryan Murray, Tyler Myers - PP : Kris Russell - PK : Ryan Murray, Tyler Myers
Penalty Shots
Ryan Getzlaf, Alex Ovechkin, Frans Nielsen, John Tavares, Max Pacioretty

% Time on Ice - Devils

Lines # - Real PCT - Wanted PCT - Time Play
Normal Forward
1 - 24% - 31% - 9:36
2 - 34% - 28% - 13:52
3 - 21% - 25% - 8:23
4 - 22% - 16% - 8:59
Normal Defense
1 - 31% - 33% - 12:43
2 - 38% - 33% - 15:24
3 - 22% - 33% - 9:02
4 - 9% - 1% - 3:41
PP Forward
1 - 56% - 60% - 6:15
2 - 44% - 40% - 4:52
PP Defense
1 - 39% - 60% - 4:23
2 - 61% - 40% - 6:44
PK Forward
1 - 88% - 60% - 5:36
2 - 12% - 40% - 0:47
PK Defense
1 - 74% - 60% - 4:45
2 - 26% - 40% - 1:38
PK3 Forward
1 - 100% - 60% - 0:53
2 - 0% - 40% - 0:00
PK3 Defense
1 - 100% - 60% - 0:53
2 - 0% - 40% - 0:00
44 Forward
1 - 100% - 60% - 0:47
2 - 0% - 40% - 0:00
44 Defense
1 - 100% - 60% - 0:47
2 - 0% - 40% - 0:00
Last Minute Offensive  - 0:00
Last Minute Defensive  - 0:00
Total
Forward - 60:00
Defense - 60:00

% Time on Ice - Jets

Lines # - Real PCT - Wanted PCT - Time Play
Normal Forward
1 - 35% - 35% - 14:10
2 - 22% - 31% - 9:02
3 - 18% - 24% - 7:24
4 - 25% - 10% - 10:14
Normal Defense
1 - 33% - 35% - 13:23
2 - 37% - 30% - 15:00
3 - 28% - 22% - 11:30
4 - 2% - 13% - 0:57
PP Forward
1 - 52% - 60% - 3:48
2 - 48% - 40% - 3:28
PP Defense
1 - 59% - 60% - 4:17
2 - 41% - 40% - 2:59
PK Forward
1 - 75% - 60% - 8:19
2 - 25% - 40% - 2:48
PK Defense
1 - 60% - 60% - 6:42
2 - 40% - 40% - 4:25
PK3 Forward
1 - 0% - 60%
2 - 0% - 40%
PK3 Defense
1 - 0% - 60%
2 - 0% - 40%
44 Forward
1 - 100% - 60% - 0:47
2 - 0% - 40% - 0:00
44 Defense
1 - 100% - 60% - 0:47
2 - 0% - 40% - 0:00
Last Minute Offensive  - 0:00
Last Minute Defensive  - 0:00
Total
Forward - 60:00
Defense - 60:00

Play by Play

1st period


0:01 of 1st period - Tyler Johnson wins face-off versus Ryan Getzlaf in neutral zone.
0:12 of 1st period - John Carlson is hit by Erik Johnson and loses puck.
0:23 of 1st period - Ryan Getzlaf is hit by John Carlson and loses puck.
0:44 of 1st period - Minor Penalty to Erik Johnson for Tripping.
0:45 of 1st period - Nick Spaling wins face-off versus Frans Nielsen in Jets zone.
1:12 of 1st period - Max Pacioretty is hit by Matt Cooke.
2:40 of 1st period - Wrist shot by Frans Nielsen.
2:40 of 1st period - Deflect By Marcus Kruger.
2:40 of 1st period - Shot Misses the Net.
2:40 of 1st period - Puck is out of play.
2:41 of 1st period - Nick Spaling wins face-off versus Frans Nielsen in Devils zone.
2:44 of 1st period - Penalty to Erik Johnson is over, Erik Johnson is back on ice.
3:07 of 1st period - John Carlson is hit by Colin Wilson and loses puck.
4:20 of 1st period - Wrist shot by Ryan Getzlaf.
4:20 of 1st period - Stopped by Jimmy Howard with a rebound.
4:38 of 1st period - Minor Penalty to Matt Carkner for Hooking.
4:39 of 1st period - Ryan Getzlaf wins face-off versus Drew Stafford in Devils zone.
5:30 of 1st period - Slapshot by Wayne Simmonds.
5:30 of 1st period - Stopped by Jimmy Howard without a rebound.
5:31 of 1st period - Frans Nielsen wins face-off versus Drew Stafford in Devils zone.
6:18 of 1st period - Slapshot by Ryan Getzlaf.
6:18 of 1st period - Goal by Ryan Getzlaf - Devils : 0 - Jets : 1.
6:19 of 1st period - Tyler Johnson wins face-off versus Kyle Turris in neutral zone.
6:35 of 1st period - Off-side.
6:36 of 1st period - Kyle Turris wins face-off versus Tyler Johnson in neutral zone.
8:06 of 1st period - Alex Ovechkin is hit by Brent Seabrook and loses puck.
8:20 of 1st period - Off-side.
8:21 of 1st period - Nick Bjugstad wins face-off versus Drew Stafford in neutral zone.
8:35 of 1st period - Snap shot by Drew Stafford.
8:35 of 1st period - Stopped by Sergei Bobrovsky without a rebound.
8:36 of 1st period - Teemu Selanne wins face-off versus Adam Burish in Jets zone.
8:47 of 1st period - Snap shot by Ville Leino.
8:47 of 1st period - Shot Blocked by Erik Johnson.
9:11 of 1st period - Wrist shot by Patrik Berglund.
9:11 of 1st period - Stopped by Sergei Bobrovsky with a rebound.
9:13 of 1st period - Snap shot by Mark Stuart.
9:13 of 1st period - Shot Misses the Net.
9:15 of 1st period - Snap shot by Mark Stuart.
9:15 of 1st period - Deflect By Nick Bjugstad.
9:15 of 1st period - Stopped by Sergei Bobrovsky with a rebound.
9:32 of 1st period - Erik Johnson is hit by Matt Carkner and loses puck.
10:25 of 1st period - Brent Seabrook is hit by Frans Nielsen and loses puck.
10:54 of 1st period - Snap shot by Ville Leino.
10:54 of 1st period - Stopped by Sergei Bobrovsky without a rebound.
10:55 of 1st period - Adam Burish wins face-off versus Kyle Turris in Jets zone.
11:04 of 1st period - Marcus Kruger is hit by Mark Stuart and loses puck.
11:15 of 1st period - Wrist shot by Ville Leino.
11:15 of 1st period - Shot Blocked by Tyler Myers.
11:17 of 1st period - Slapshot by Matt Cooke.
11:17 of 1st period - Stopped by Sergei Bobrovsky without a rebound.
11:18 of 1st period - Chris Mueller wins face-off versus Ryan Getzlaf in Jets zone.
13:19 of 1st period - Snap shot by Marcus Kruger.
13:19 of 1st period - Stopped by Jimmy Howard without a rebound.
13:20 of 1st period - Ville Leino wins face-off versus Nick Bjugstad in Devils zone.
13:25 of 1st period - Slapshot by Nick Bjugstad.
13:25 of 1st period - Shot Misses the Net.
13:36 of 1st period - Wrist shot by Teemu Selanne.
13:36 of 1st period - Stopped by Jimmy Howard with a rebound.
13:38 of 1st period - Snap shot by Colin Wilson.
13:38 of 1st period - Stopped by Jimmy Howard with a rebound.
14:04 of 1st period - Mark Stuart is hit by Alex Ovechkin.
14:26 of 1st period - Matt Cooke is hit by Tyler Myers and loses puck.
14:36 of 1st period - Minor Penalty to Wayne Simmonds for Holding Stick.
14:37 of 1st period - Frans Nielsen wins face-off versus Tyler Johnson in Jets zone.
14:46 of 1st period - Wrist shot by Kris Versteeg.
14:46 of 1st period - Shot Blocked by Oliver Ekman-Larsson.
15:06 of 1st period - Chris Phillips is hit by Oliver Ekman-Larsson and loses puck.
15:29 of 1st period - Brent Seabrook is hit by Erik Johnson and loses puck.
15:58 of 1st period - John Carlson is hit by Erik Johnson.
16:36 of 1st period - Penalty to Wayne Simmonds is over, Wayne Simmonds is back on ice.
16:42 of 1st period - Matt Cooke is hit by Alex Ovechkin and loses puck.
17:03 of 1st period - Ryan Murray is hit by Martin Erat and loses puck.
17:30 of 1st period - Wrist shot by Tyler Johnson.
17:30 of 1st period - Shot Blocked by Teemu Selanne.
17:42 of 1st period - Matt Carkner is hit by Colin Wilson and loses puck.
18:31 of 1st period - Tyler Myers is hit by Mark Stuart and loses puck.
18:49 of 1st period - Slapshot by Brent Seabrook.
18:49 of 1st period - Deflect By Martin Erat.
18:49 of 1st period - Stopped by Sergei Bobrovsky with a rebound.
18:51 of 1st period - Wrist shot by Patrik Berglund.
18:51 of 1st period - Stopped by Sergei Bobrovsky with a rebound.
19:05 of 1st period - Slapshot by Drew Stafford.
19:05 of 1st period - Stopped by Sergei Bobrovsky without a rebound.
19:06 of 1st period - Tyler Johnson wins face-off versus Kyle Turris in Jets zone.
19:11 of 1st period - Wrist shot by Tyler Johnson.
19:11 of 1st period - Shot Misses the Net.
19:56 of 1st period - Chris Phillips is hit by Alex Killorn and loses puck.
Goals for this period are 0 for Devils vs 1 for Jets.
Shots for this period are 8 for Devils vs 6 for Jets.

2nd period


0:01 of 2nd period - John Tavares wins face-off versus Tyler Johnson in neutral zone.
0:03 of 2nd period - Off-side.
0:04 of 2nd period - John Tavares wins face-off versus Tyler Johnson in neutral zone.
0:21 of 2nd period - Slapshot by John Tavares.
0:21 of 2nd period - Stopped by Jimmy Howard without a rebound.
0:22 of 2nd period - Patrik Berglund wins face-off versus Ryan Getzlaf in Devils zone.
1:09 of 2nd period - Ryan Getzlaf is hit by Mark Stuart and loses puck.
1:34 of 2nd period - Snap shot by Ville Leino.
1:34 of 2nd period - Stopped by Sergei Bobrovsky with a rebound.
1:36 of 2nd period - Wrist shot by Adam Burish.
1:36 of 2nd period - Shot Misses the Net.
1:43 of 2nd period - Icing by Ryan Murray.
1:44 of 2nd period - Ryan Getzlaf wins face-off versus Jay Beagle in Jets zone.
1:44 of 2nd period - Ryan Getzlaf is hit by Jay Beagle.
1:45 of 2nd period - Ryan Getzlaf from Jets is injured at 1:45 of 2nd period (Sore Right Knee).
1:46 of 2nd period - John Tavares wins face-off versus Tyler Johnson in Jets zone.
2:05 of 2nd period - Snap shot by Frans Nielsen.
2:05 of 2nd period - Stopped by Jimmy Howard with a rebound.
2:07 of 2nd period - Slapshot by Oliver Ekman-Larsson.
2:07 of 2nd period - Stopped by Jimmy Howard without a rebound.
2:08 of 2nd period - Kyle Turris wins face-off versus Patrik Berglund in Devils zone.
3:04 of 2nd period - Wrist shot by John Tavares.
3:04 of 2nd period - Stopped by Jimmy Howard without a rebound.
3:05 of 2nd period - Tyler Johnson wins face-off versus John Tavares in Devils zone.
3:16 of 2nd period - Wrist shot by Max Pacioretty.
3:16 of 2nd period - Goal by Max Pacioretty - Devils : 0 - Jets : 2.
3:17 of 2nd period - John Tavares wins face-off versus Adam Burish in neutral zone.
4:30 of 2nd period - Icing by Brent Seabrook.
4:31 of 2nd period - Kyle Turris wins face-off versus Nick Spaling in Devils zone.
4:36 of 2nd period - Snap shot by Wayne Simmonds.
4:36 of 2nd period - Shot Misses the Net.
4:38 of 2nd period - Backhand shot by Tyler Myers.
4:38 of 2nd period - Deflect By Wayne Simmonds.
4:38 of 2nd period - Shot Misses the Net.
4:38 of 2nd period - Puck is out of play.
4:39 of 2nd period - Patrik Berglund wins face-off versus Kyle Turris in Devils zone.
4:46 of 2nd period - Slapshot by Chris Phillips.
4:46 of 2nd period - Stopped by Sergei Bobrovsky without a rebound.
4:47 of 2nd period - Kyle Turris wins face-off versus Patrik Berglund in Jets zone.
4:50 of 2nd period - Slapshot by Patrik Berglund.
4:50 of 2nd period - Stopped by Sergei Bobrovsky without a rebound.
4:51 of 2nd period - Kyle Turris wins face-off versus Patrik Berglund in Jets zone.
4:56 of 2nd period - Snap shot by Wayne Simmonds.
4:56 of 2nd period - Shot Misses the Net.
5:12 of 2nd period - Wrist shot by Nick Spaling.
5:12 of 2nd period - Shot Misses the Net.
5:14 of 2nd period - Slapshot by Matt Carkner.
5:14 of 2nd period - Shot Misses the Net.
7:08 of 2nd period - Brent Seabrook is hit by Teemu Selanne and loses puck.
7:36 of 2nd period - Minor Penalty to Matt Carkner for Interference.
7:37 of 2nd period - Drew Stafford wins face-off versus Marcus Kruger in Devils zone.
7:55 of 2nd period - Snap shot by Max Pacioretty.
7:55 of 2nd period - Shot Misses the Net.
7:57 of 2nd period - Slapshot by Tyler Myers.
7:57 of 2nd period - Shot Blocked by Mark Stuart.
9:00 of 2nd period - Snap shot by Alex Ovechkin.
9:00 of 2nd period - Stopped by Jimmy Howard without a rebound.
9:01 of 2nd period - Drew Stafford wins face-off versus Kyle Turris in Devils zone.
9:36 of 2nd period - Penalty to Matt Carkner is over, Matt Carkner is back on ice.
9:36 of 2nd period - Slapshot by Jay Beagle.
9:36 of 2nd period - Shot Misses the Net.
9:52 of 2nd period - Slapshot by Brent Seabrook.
9:52 of 2nd period - Stopped by Sergei Bobrovsky with a rebound.
9:54 of 2nd period - Wrist shot by Jay Beagle.
9:54 of 2nd period - Stopped by Sergei Bobrovsky with a rebound.
9:56 of 2nd period - Slapshot by Chris Phillips.
9:56 of 2nd period - Stopped by Sergei Bobrovsky with a rebound.
9:58 of 2nd period - Slapshot by Chris Phillips.
9:58 of 2nd period - Shot Blocked by Max Pacioretty.
10:00 of 2nd period - Slapshot by Mark Stuart.
10:00 of 2nd period - Stopped by Sergei Bobrovsky with a rebound.
10:02 of 2nd period - Wrist shot by John Carlson.
10:02 of 2nd period - Stopped by Sergei Bobrovsky without a rebound.
10:03 of 2nd period - Teemu Selanne wins face-off versus Martin Erat in Jets zone.
10:08 of 2nd period - Slapshot by Ryan Murray.
10:08 of 2nd period - Shot Blocked by Mark Stuart.
10:20 of 2nd period - Teemu Selanne is hit by Patrik Berglund and loses puck.
11:11 of 2nd period - Snap shot by Alex Killorn.
11:11 of 2nd period - Shot Misses the Net.
11:13 of 2nd period - Slapshot by Danny DeKeyser.
11:13 of 2nd period - Shot Misses the Net.
11:15 of 2nd period - Snap shot by Danny DeKeyser.
11:15 of 2nd period - Deflect By Kyle Turris.
11:15 of 2nd period - Shot Blocked by Chris Phillips.
11:15 of 2nd period - Puck is out of play.
11:16 of 2nd period - Kyle Turris wins face-off versus Nick Spaling in Devils zone.
12:50 of 2nd period - Snap shot by Drew Stafford.
12:50 of 2nd period - Stopped by Sergei Bobrovsky with a rebound.
12:52 of 2nd period - Slapshot by John Carlson.
12:52 of 2nd period - Shot Misses the Net.
12:54 of 2nd period - Snap shot by Drew Stafford.
12:54 of 2nd period - Shot Misses the Net.
12:58 of 2nd period - Wrist shot by Tyler Johnson.
12:58 of 2nd period - Stopped by Sergei Bobrovsky with a rebound.
13:00 of 2nd period - Slapshot by Mark Stuart.
13:00 of 2nd period - Shot Blocked by Nick Bjugstad.
13:17 of 2nd period - Teemu Selanne is hit by Martin Erat and loses puck.
14:15 of 2nd period - Matt Cooke is hit by Max Pacioretty and loses puck.
14:28 of 2nd period - Wrist shot by Kyle Turris.
14:28 of 2nd period - Shot Misses the Net.
14:30 of 2nd period - Slapshot by Danny DeKeyser.
14:30 of 2nd period - Shot Misses the Net.
15:06 of 2nd period - Minor Penalty to Mark Stuart for Holding.
15:07 of 2nd period - Frans Nielsen wins face-off versus Drew Stafford in Devils zone.
15:33 of 2nd period - Snap shot by Wayne Simmonds.
15:33 of 2nd period - Shot Misses the Net.
16:29 of 2nd period - Adam Burish is hit by Wayne Simmonds and loses puck.
17:02 of 2nd period - Brent Seabrook is hit by Max Pacioretty and loses puck.
17:06 of 2nd period - Penalty to Mark Stuart is over, Mark Stuart is back on ice.
17:36 of 2nd period - Wrist shot by Jay Beagle.
17:36 of 2nd period - Shot Misses the Net.
17:38 of 2nd period - Slapshot by Brent Seabrook.
17:38 of 2nd period - Shot Blocked by Kris Russell.
18:06 of 2nd period - Wrist shot by Alex Killorn.
18:06 of 2nd period - Stopped by Jimmy Howard without a rebound.
18:07 of 2nd period - John Tavares wins face-off versus Nick Spaling in Devils zone.
18:13 of 2nd period - Minor Penalty to John Carlson for Interference.
18:14 of 2nd period - Drew Stafford wins face-off versus Frans Nielsen in Devils zone.
18:39 of 2nd period - Minor Penalty to Tim Gleason for Hooking.
18:40 of 2nd period - Kyle Turris wins face-off versus Jay Beagle in Devils zone.
19:30 of 2nd period - Slapshot by John Tavares.
19:30 of 2nd period - Stopped by Jimmy Howard with a rebound.
19:32 of 2nd period - Slapshot by Erik Johnson.
19:32 of 2nd period - Deflect By John Tavares.
19:32 of 2nd period - Goal by John Tavares - Devils : 0 - Jets : 3.
19:33 of 2nd period - Frans Nielsen wins face-off versus Drew Stafford in neutral zone.
19:38 of 2nd period - Slapshot by John Tavares.
19:38 of 2nd period - Stopped by Jimmy Howard with a rebound.
19:40 of 2nd period - Slapshot by Oliver Ekman-Larsson.
19:40 of 2nd period - Stopped by Jimmy Howard with a rebound.
19:51 of 2nd period - Minor Penalty to Oliver Ekman-Larsson for Roughing.
19:52 of 2nd period - Kyle Turris wins face-off versus Jay Beagle in Jets zone.
Goals for this period are 0 for Devils vs 2 for Jets.
Shots for this period are 10 for Devils vs 11 for Jets.

3rd period


0:01 of 3rd period - Jay Beagle wins face-off versus Kyle Turris in neutral zone.
0:03 of 3rd period - Off-side.
0:04 of 3rd period - Jay Beagle wins face-off versus Kyle Turris in neutral zone.
0:07 of 3rd period - Slapshot by Brent Seabrook.
0:07 of 3rd period - Shot Blocked by Erik Johnson.
0:09 of 3rd period - Slapshot by Brent Seabrook.
0:09 of 3rd period - Stopped by Sergei Bobrovsky with a rebound.
0:36 of 3rd period - Snap shot by Jay Beagle.
0:36 of 3rd period - Shot Misses the Net.
0:38 of 3rd period - Snap shot by John Carlson.
0:38 of 3rd period - Goal by John Carlson - Devils : 1 - Jets : 3.
0:39 of 3rd period - Penalty to Tim Gleason is over, Tim Gleason is back on ice.
0:39 of 3rd period - Frans Nielsen wins face-off versus Drew Stafford in neutral zone.
0:50 of 3rd period - Ryan Murray is hit by Mark Stuart and loses puck.
1:35 of 3rd period - Matt Cooke is hit by Erik Johnson and loses puck.
1:51 of 3rd period - Penalty to Oliver Ekman-Larsson is over, Oliver Ekman-Larsson is back on ice.
2:03 of 3rd period - Minor Penalty to Alex Ovechkin for Tripping.
2:04 of 3rd period - Frans Nielsen wins face-off versus Tyler Johnson in Jets zone.
2:35 of 3rd period - Marcus Kruger is hit by Mark Stuart and loses puck.
2:48 of 3rd period - Snap shot by Nick Spaling.
2:48 of 3rd period - Stopped by Sergei Bobrovsky with a rebound.
2:50 of 3rd period - Slapshot by Brent Seabrook.
2:50 of 3rd period - Deflect By Nick Spaling.
2:50 of 3rd period - Stopped by Sergei Bobrovsky with a rebound.
2:52 of 3rd period - Backhand shot by Brent Seabrook.
2:52 of 3rd period - Shot Misses the Net.
4:03 of 3rd period - Penalty to Alex Ovechkin is over, Alex Ovechkin is back on ice.
4:32 of 3rd period - Minor Penalty to Erik Johnson for Charging.
4:33 of 3rd period - Frans Nielsen wins face-off versus Nick Spaling in Jets zone.
4:54 of 3rd period - Backhand shot by Alex Killorn.
4:54 of 3rd period - Stopped by Jimmy Howard with a rebound.
5:13 of 3rd period - Oliver Ekman-Larsson is hit by Tyler Johnson and loses puck.
6:00 of 3rd period - Slapshot by Ville Leino.
6:00 of 3rd period - Shot Misses the Net.
6:02 of 3rd period - Slapshot by John Carlson.
6:02 of 3rd period - Shot Blocked by Tyler Myers.
6:04 of 3rd period - Wrist shot by John Carlson.
6:04 of 3rd period - Stopped by Sergei Bobrovsky with a rebound.
6:06 of 3rd period - Slapshot by John Carlson.
6:06 of 3rd period - Shot Misses the Net.
6:08 of 3rd period - Snap shot by Mark Stuart.
6:08 of 3rd period - Deflect By Tyler Myers.
6:08 of 3rd period - Stopped by Sergei Bobrovsky without a rebound.
6:09 of 3rd period - Nick Spaling wins face-off versus Nick Bjugstad in Jets zone.
6:32 of 3rd period - Penalty to Erik Johnson is over, Erik Johnson is back on ice.
6:56 of 3rd period - Brent Seabrook is hit by Wayne Simmonds and loses puck.
7:31 of 3rd period - Ryan Murray is hit by John Carlson.
8:03 of 3rd period - Adam Burish is hit by Max Pacioretty and loses puck.
8:49 of 3rd period - Brent Seabrook is hit by Marcus Kruger and loses puck.
8:55 of 3rd period - Icing by Matt Carkner.
8:56 of 3rd period - Patrik Berglund wins face-off versus Kyle Turris in Devils zone.
9:03 of 3rd period - Minor Penalty to Erik Johnson for Slashing.
9:04 of 3rd period - Frans Nielsen wins face-off versus Tyler Johnson in Jets zone.
9:31 of 3rd period - Tyler Myers is hit by Chris Phillips and loses puck.
9:40 of 3rd period - Slapshot by Drew Stafford.
9:40 of 3rd period - Deflect By Danny DeKeyser.
9:40 of 3rd period - Shot Misses the Net.
9:40 of 3rd period - Puck is out of play.
9:41 of 3rd period - Tyler Johnson wins face-off versus Frans Nielsen in Jets zone.
10:02 of 3rd period - Kyle Turris is hit by Nick Spaling and loses puck.
10:27 of 3rd period - Ryan Murray is hit by Tyler Johnson and loses puck.
10:50 of 3rd period - Snap shot by Max Pacioretty.
10:50 of 3rd period - Shot Misses the Net.
10:52 of 3rd period - Backhand shot by Max Pacioretty.
10:52 of 3rd period - Shot Misses the Net.
11:03 of 3rd period - Penalty to Erik Johnson is over, Erik Johnson is back on ice.
12:13 of 3rd period - Kris Russell is hit by Matt Carkner and loses puck.
12:20 of 3rd period - Matt Cooke is hit by Kris Russell and loses puck.
12:37 of 3rd period - Snap shot by Teemu Selanne.
12:37 of 3rd period - Stopped by Jimmy Howard with a rebound.
13:12 of 3rd period - Icing by Oliver Ekman-Larsson.
13:13 of 3rd period - John Tavares wins face-off versus Tyler Johnson in Jets zone.
13:13 of 3rd period - John Tavares is hit by Mark Stuart.
13:39 of 3rd period - Wrist shot by Wayne Simmonds.
13:39 of 3rd period - Stopped by Jimmy Howard with a rebound.
13:41 of 3rd period - Slapshot by Ryan Murray.
13:41 of 3rd period - Shot Blocked by John Carlson.
14:45 of 3rd period - Slapshot by Ville Leino.
14:45 of 3rd period - Stopped by Sergei Bobrovsky with a rebound.
14:47 of 3rd period - Wrist shot by Chris Mueller.
14:47 of 3rd period - Stopped by Sergei Bobrovsky with a rebound.
14:49 of 3rd period - Slapshot by John Carlson.
14:49 of 3rd period - Deflect By Oliver Ekman-Larsson.
14:49 of 3rd period - Stopped by Sergei Bobrovsky with a rebound.
14:51 of 3rd period - Snap shot by Chris Mueller.
14:51 of 3rd period - Stopped by Sergei Bobrovsky without a rebound.
14:52 of 3rd period - Marcus Kruger wins face-off versus Chris Mueller in Jets zone.
14:52 of 3rd period - Marcus Kruger is hit by Mark Stuart.
15:00 of 3rd period - Slapshot by Wayne Simmonds.
15:00 of 3rd period - Shot Misses the Net.
15:20 of 3rd period - Snap shot by John Tavares.
15:20 of 3rd period - Stopped by Jimmy Howard with a rebound.
15:22 of 3rd period - Snap shot by Frans Nielsen.
15:22 of 3rd period - Stopped by Jimmy Howard with a rebound.
15:50 of 3rd period - Snap shot by Nick Spaling.
15:50 of 3rd period - Shot Blocked by Tyler Myers.
16:07 of 3rd period - Chris Phillips is hit by Danny DeKeyser and loses puck.
17:39 of 3rd period - Snap shot by Alex Ovechkin.
17:39 of 3rd period - Stopped by Jimmy Howard with a rebound.
17:41 of 3rd period - Wrist shot by Kris Russell.
17:41 of 3rd period - Stopped by Jimmy Howard with a rebound.
19:13 of 3rd period - Slapshot by Oliver Ekman-Larsson.
19:13 of 3rd period - Shot Misses the Net.
19:15 of 3rd period - Slapshot by Alex Killorn.
19:15 of 3rd period - Stopped by Jimmy Howard without a rebound.
19:16 of 3rd period - Tyler Johnson wins face-off versus Kyle Turris in Devils zone.
19:44 of 3rd period - Backhand shot by Colin Wilson.
19:44 of 3rd period - Shot Misses the Net.
19:46 of 3rd period - Snap shot by Ryan Murray.
19:46 of 3rd period - Stopped by Jimmy Howard without a rebound.
19:47 of 3rd period - John Tavares wins face-off versus Patrik Berglund in Devils zone.
Goals for this period are 1 for Devils vs 0 for Jets.
Shots for this period are 10 for Devils vs 9 for Jets.


Output by the SimonT Hockey Simulator (STHS) for Eric Dolegowski -- Original Page W3C XHTML 1.0 Valid
Hockey Simulator - Hockey Simulation - Hockey Manager